AoeStats
← SwordOfDoom

Arena

510411832Analyzed
2v2 RM · 2d ago on Sep 30, 2026· 34m 22s· 4 players
Game mode
Random Map
Map size
Medium (4 player)
Population
200
Speed
Normal
Resources
Standard
Victory
Conquest
Starting age
Dark Age
Ending age
Imperial Age
RankedLock teamsTeams togetherTeam positionsShared explorationLock speedFull tech treeHidden civsTurbo modeCheats
Victory
Defeat
🇨🇦 Britons · Canada
905
+12
🇨🇦 Khmer · Canada
883
+13
🇷🇺 Byzantines · Russia
857
-13
🇮🇪 Portuguese · Ireland
791
-12
sssrwmi
0:36 Loom
10:23 Feudal Age
10:49 Double-Bit Axe
12:09 Horse Collar
12:20 Stone Mining
20:01 Castle Age
18:18 Gold Mining
20:30 Fletching
22:58 Bodkin Arrow
23:35 Bow Saw
25:26 Gold Shaft Mining
25:33 Wheelbarrow
31:07 Imperial Age
28:55 Hand Cart
29:42 Stone Shaft Mining
30:05 Ballistics
30:30 Squires
32:56 Chemistry
32:44 Bracer
32:45 Padded Archer Armor
33:21 Pikeman
35:24 Two-Man Saw
33:54 Halberdier
34:42 Scale Mail Armor
34:53 Forging
YaLittle-
10:31 Feudal Age
11:17 Double-Bit Axe
11:18 Horse Collar
19:38 Wheelbarrow
21:23 Castle Age
25:19 Hand Cart
25:18 Loom
29:55 Imperial Age
32:14 Chemistry
SwordOfDoom
9:36 Feudal Age
10:42 Double-Bit Axe
14:13 Horse Collar
15:06 Fletching
16:25 Padded Archer Armor
18:54 Wheelbarrow
20:24 Castle Age
19:00 Stone Mining
19:01 Gold Mining
21:50 Wheelbarrow
22:01 Loom
22:02 Town Watch
22:02 Crossbowman
24:02 Gold Shaft Mining
24:42 Bow Saw
25:49 Hand Cart
25:47 Bodkin Arrow
26:24 Ballistics
27:01 Leather Archer Armor
27:00 Town Patrol
28:43 Elite Skirmisher
32:51 Imperial Age
31:33 Forging
31:27 Murder Holes
33:30 Heavy Plow
34:48 Two-Man Saw
Hatcherm
11:29 Feudal Age
12:49 Wheelbarrow
14:23 Castle Age
12:37 Double-Bit Axe
12:35 Horse Collar
15:24 Bow Saw
15:34 Heavy Plow
16:36 Loom
20:50 Wheelbarrow
20:03 Town Watch
22:51 Gold Mining
26:18 Imperial Age
24:20 Hand Cart
25:19 Stone Mining
27:32 Gold Shaft Mining
26:32 Light Cavalry
27:22 Bloodlines
28:20 Chemistry
28:34 Siege Engineers
29:46 Husbandry
30:39 Fletching
30:56 Cavalier
32:09 Forging
32:04 Scale Barding Armor
32:55 Conscription
33:24 Ballistics
33:14 Masonry
34:41 Iron Casting
34:27 Chain Barding Armor
Connection lost

Rejoining the realm…

Still unreachable

The connection could not be restored.

Session expired

The server has moved on; the page needs a fresh start.